 Dungeon Crawl Stone Soup version 0.17.0-15-g6d90897 (webtiles) character file.

2958 septik the Grappler (level 9, -3/92 HPs)
             Began as a Troll Monk on Nov 10, 2015.
             Was a Follower of Ru.
             Splashed by a brown ugly thing's acid (4 damage)
             ... on level 8 of the Dungeon.
             The game lasted 00:19:53 (5900 turns).

septik the Grappler (Troll Monk)                    Turns: 5900, Time: 00:19:54

Health: -3/92      AC: -6    Str: 21    XL:     9   Next: 52%
Magic:  8/8        EV: 10    Int:  6    God:    Ru [*.....]
Gold:   359        SH:  0    Dex: 15    Spells: 0 memorised, 8 levels left

rFire  . . .     SeeInvis .       - Unarmed
rCold  . . .     Clarity  .     a - +0 robe
rNeg   . . .     SustAt   .     (no shield)
rPois  .         Gourm    +     (helmet restricted)
rElec  .         Spirit   .     q - +0 cloak
rCorr  +         Warding  .     (gloves unavailable)
rMut   .         Stasis   .     (boots unavailable)
MR     .....                    z - amulet of resist corrosion
Stlth  ++........               c - ring of loudness (curse)
                                y - ring of stealth

@: corroded equipment, not resistant to hostile enchantments, unstealthy
A: unfitting armour, claws 3, fast metabolism 3, gourmand, regeneration 2,
shaggy fur 1, tough skin 2, no poison magic, no translocations magic, no
transmutations magic
a: Renounce Religion


You were on level 8 of the Dungeon.
You worshipped Ru.
Ru was aware of your devotion.
You were full.

You visited 2 branches of the dungeon, and saw 9 of its levels.
You also visited: Sewer.

You collected 359 gold pieces.

Inventory:

Hand Weapons
 u - a +0 blowgun
Missiles
 p - 168 stones (quivered)
 v - 35 poisoned needles
 K - 15 sling bullets of flame
 P - 5 tomahawks
Armour
 a - a +0 robe (worn)
 q - a +0 cloak (worn)
Jewellery
 c - a cursed ring of loudness (right claw)
 y - a ring of stealth (left claw)
 z - an amulet of resist corrosion (around neck)
 J - an uncursed ring of see invisible
Wands
 n - a wand of digging (15)
 C - a wand of fire (5)
 E - a wand of teleportation (3)
 N - a wand of hasting (5)
 O - a wand of cold (5)
Scrolls
 d - 2 scrolls of fog {unknown}
 e - 3 scrolls of remove curse {unknown}
 h - 2 scrolls of random uselessness {unknown}
 j - a scroll of blinking {unknown}
 l - 6 scrolls of identify {unknown}
 s - 7 scrolls of teleportation
 x - a scroll of immolation {unknown}
 B - a scroll of recharging {unknown}
 F - 2 scrolls of enchant weapon {unknown}
 I - a scroll of silence {unknown}
 L - a scroll of amnesia {unknown}
Potions
 f - 3 potions of agility {unknown}
 g - 2 potions of brilliance {unknown}
 i - 8 potions of curing {unknown}
 m - 6 potions of flight
 r - 3 potions of degeneration {unknown}
 t - 3 potions of heal wounds {unknown}
 w - a potion of cancellation {unknown}
 H - a potion of invisibility {unknown}
Books
 G - a book of Party Tricks

   Spells                             Type                      Level
   a - Summon Butterflies             Summoning                    1
   b - Apportation                    Translocation                1
   c - Tukima's Dance                 Hexes                        3
   d - Alistair's Intoxication        Transmutation/Poison         4
   e - Invisibility                   Hexes                        6
Comestibles
 b - 10 bread rations
 k - 3 meat rations
 o - a royal jelly
 A - 4 beef jerkies
 D - 2 fruits
 M - 8 slices of pizza


   Skills:
 + Level 6.7 Fighting
 - Level 2.4 Dodging
 - Level 1.1 Stealth
 * Level 11.5 Unarmed Combat


You had 8 spell levels left.
You didn't know any spells.

Dungeon Overview and Level Annotations

Branches:
Dungeon (8/15)             Temple (1/1) D:7
   Lair: D:8-11

Altars:
Ashenzari
Cheibriados
Dithmenos
Kikubaaqudgha
Makhleb
Nemelex Xobeh
Okawaru
Qazlal
Ru
Sif Muna
Trog
Xom
Yredelemnul
Zin
The Shining One


Innate Abilities, Weirdness & Mutations

You are too large for most types of armour.
You have claws for hands.
Your metabolism is lightning-fast.
You like to eat raw meat.
You heal very quickly.
You are covered in fur (AC +1).
You have very tough skin (AC +2).
You cannot study or cast Poison magic.
You cannot study or cast Translocations magic.
You cannot study or cast Transmutations magic.


Message History

* * * LOW HITPOINT WARNING * * *
You are splashed with acid!
The acid burns!
You resist.
* * * LOW HITPOINT WARNING * * *
You closely miss the brown ugly thing.
The brown ugly thing is severely wounded.
The brown ugly thing kicks you!
* * * LOW HITPOINT WARNING * * *
You are splashed with acid!
The acid corrodes you!
The acid burns!
You resist.
* * * LOW HITPOINT WARNING * * *
Drink which item? (? for menu, Esc to quit)
Okay, then.
The brown ugly thing closely misses you.
The brown ugly thing kicks you.
* * * LOW HITPOINT WARNING * * *
You are splashed with acid!
The acid corrodes you!
The acid burns!
You resist.
* * * LOW HITPOINT WARNING * * *
The brown ugly thing kicks you!
* * * LOW HITPOINT WARNING * * *
You are splashed with acid!
The acid burns!
You resist.
You die...

...W...##..#.W.K...#
........#....##.##.#
............###.##.#
......###.#.# #.##W#
>...>.# #.#.# #....#
#...#.# #.#.###.##K#
#####'###.......##.#
# ##...####.###.##.#
###.....###.....@u.#
##.......######†####
#.........####)..##
'.........+.......#
#.........####...##
##.......## ###.##
###.....## #...# #
##...## #...# ##+##
#...#


You could see a brown ugly thing.

Vanquished Creatures
  A wraith (D:8)
  A human (D:7)
  A hippogriff (D:6)
  Eustachio (D:5)
  A hungry ghost (D:7)
  A hog (D:7)
  Duvessa (D:4)
  A water moccasin (D:5)
  A sky beast (D:6)
  An ice beast (D:4)
  2 ogres
  A black bear (D:6)
  A giant frog (D:7)
  A big kobold (D:8)
  Dowan (D:4)
  A scorpion (D:7)
  3 crimson imps
  The ghost of 4thArraOfDagon the Chopper, a weakling VSBe of Trog (D:5)
  2 hounds
  A giant frog zombie (D:5)
  3 orc priests
  A jelly (D:5)
  2 giant frog skeletons
  Jessica (D:2)
  8 orc wizards
  4 worker ants
  An iguana (D:7)
  A merfolk avatar (Sewer)
  3 sheep (D:7)
  A siren (Sewer)
  A hound zombie (D:5)
  Robin (D:3)
  9 adders
  6 river rats
  2 worker ant zombies
  A shadow imp (D:6)
  An adder skeleton (D:4)
  2 adder zombies
  3 worms
  7 giant geckos
  25 orcs
  8 bats
  8 giant cockroaches
  17 goblins
  7 hobgoblins
  7 jackals
  8 kobolds
  3 quokkas
  5 ball pythons
  13 giant newts
  A quokka skeleton (D:6)
  35 rats
219 creatures vanquished.

Notes
Turn   | Place    | Note
--------------------------------------------------------------
     0 | D:1      | septik the Troll Monk began the quest for the Orb.
     0 | D:1      | Reached XP level 1. HP: 22/22 MP: 0/0
    17 | D:1      | Reached XP level 2. HP: 15/29 MP: 1/1
   476 | D:2      | Found a sparkling altar of Nemelex Xobeh.
   522 | D:2      | Reached XP level 3. HP: 27/36 MP: 2/2
   673 | D:2      | Found a faded altar to an unknown god.
   709 | D:2      | Found a shimmering altar of Xom.
   710 | D:2      | Found a shimmering altar of Xom.
   725 | D:2      | Found a shimmering altar of Xom.
   726 | D:2      | Found a shimmering altar of Xom.
   726 | D:2      | Found a shimmering altar of Xom.
   759 | D:2      | Reached skill level 5 in Unarmed Combat
   994 | D:2      | Noticed Jessica
   999 | D:2      | Killed Jessica
   999 | D:2      | Reached XP level 4. HP: 39/44 MP: 3/3
  1445 | D:3      | Noticed Robin
  1506 | D:3      | Killed Robin
  1660 | D:3      | Reached XP level 5. HP: 53/53 MP: 4/4
  1763 | D:3      | Found a glowing silver altar of Zin.
  2142 | D:4      | Reached skill level 6 in Unarmed Combat
  2255 | D:4      | Reached XP level 6. HP: 37/62 MP: 5/5
  2510 | D:4      | Noticed an ogre
  2516 | D:4      | Killed an ogre
  2516 | D:4      | Reached skill level 7 in Unarmed Combat
  2687 | D:4      | Noticed an ice beast
  2698 | D:4      | Killed an ice beast
  2698 | D:4      | Reached XP level 7. HP: 42/70 MP: 6/6
  2864 | D:4      | Noticed Dowan
  2874 | D:4      | Noticed Duvessa
  2879 | D:4      | Killed Duvessa
  2881 | D:4      | Killed Dowan
  3005 | D:5      | Entered Level 5 of the Dungeon
  3029 | D:5      | Found a glowing drain.
  3073 | Sewer    | Entered a sewer
  3083 | Sewer    | Reached skill level 8 in Unarmed Combat
  3368 | Sewer    | Noticed a drowned soul
  3371 | Sewer    | Noticed a drowned soul
  3372 | Sewer    | Noticed a drowned soul
  3646 | D:5      | Noticed Eustachio
  3744 | D:5      | Killed Eustachio
  3744 | D:5      | Reached skill level 5 in Fighting
  3744 | D:5      | Reached XP level 8. HP: 60/80 MP: 7/7
  3864 | D:5      | Reached skill level 9 in Unarmed Combat
  4056 | D:5      | Noticed 4thArraOfDagon's ghost (weakling VSBe)
  4065 | D:5      | Killed 4thArraOfDagon's ghost
  4291 | D:6      | Found a snail-covered altar of Cheibriados.
  4371 | D:6      | You fall through a shaft!
  4408 | D:7      | Reached skill level 10 in Unarmed Combat
  4430 | D:7      | Reached XP level 9. HP: 78/89 MP: 8/8
  4638 | D:6      | Reached skill level 11 in Unarmed Combat
  4763 | D:5      | Found an iron altar of Okawaru.
  4763 | D:5      | Found a deep blue altar of Sif Muna.
  4962 | D:6      | Found a shattered altar of Ashenzari.
  5041 | D:7      | Found a staircase to the Ecumenical Temple.
  5070 | Temple   | Entered the Ecumenical Temple
  5284 | Temple   | Became a worshipper of Ru the Awakened
  5290 | Temple   | Gained mutation: You cannot study or cast Poison magic. [Ru sacrifice]
  5290 | Temple   | Gained mutation: You cannot study or cast Transmutations magic. [Ru sacrifice]
  5290 | Temple   | Gained mutation: You cannot study or cast Translocations magic. [Ru sacrifice]
  5290 | Temple   | Reached * piety under Ru
  5394 | D:7      | Found a shadowy altar of Dithmenos.
  5844 | D:8      | Noticed a brown ugly thing
  5872 | D:8      | HP: 2/92 [acid (3)]
  5900 | D:8      | HP: 1/92 [brown ugly thing (14)]
  5900 | D:8      | Splashed by a brown ugly thing's acid

Action                   |  1- 3 |  4- 6 |  7- 9 || total
-------------------------+-------+-------+-------++-------
Melee: Unarmed           |    99 |   155 |   359 ||   613
Throw: Stone             |       |     1 |       ||     1
Invok: Sacrifice Arcana  |       |       |     1 ||     1
 Stab: Sleeping          |     2 |     3 |     3 ||     8
       Distracted        |       |       |     1 ||     1
  Eat: Chunk             |    15 |    15 |    33 ||    63
